 Dungeon Crawl Stone Soup version 0.29-a0-451-gfbfa42419e (webtiles) character file.

Game seed: 1349876661708827101

42 dabmancer the Conjurer (level 3, 0/21 HPs)
             Began as an Octopode Conjurer on May 19, 2022.
             Slain by a jackal (3 damage)
             ... on level 1 of the Dungeon.
             The game lasted 00:30:28 (1370 turns).

dabmancer the Conjurer (Octopode Conjurer)          Turns: 1370, Time: 00:30:28

Health: 0/21       AC:  1    Str:  6    XL:     3   Next: 54%
Magic:  6/6        EV:  8    Int: 22    God:
Gold:   58         SH:  9    Dex: 10    Spells: 5/6 levels left

rFire   . . .      SeeInvis .   e - +0 mace
rCold   . . .      Faith    .   i - +0 tower shield
rNeg    . . .      Spirit   .   (helmet restricted)
rPois   .          Reflect  .   (no amulet)
rElec   .          Harm     .   (no ring)
rCorr   .          Rampage  .   (no ring)
Will    .....                   (no ring)
Stlth   +++.......              (no ring)
HPRegen 0.07/turn               (no ring)
MPRegen 0.10/turn               (no ring)
                                (no ring)
                                (no ring)

@: no status effects
A: almost no armour, amphibious, 8 rings, camouflage 1, gelatinous body 1,
(nimble swimmer 1), tentacles
a: no special abilities


You were on level 1 of the Dungeon.
You visited 1 branch of the dungeon, and saw 2 of its levels.

You collected 58 gold pieces.

Inventory:

Hand Weapons
 d - a +0 dagger
 e - a +0 mace (weapon)
 l - a +0 whip
Missiles
 f - 3 boomerangs
 n - 24 stones
Armour
 i - a +0 tower shield (worn)
Scrolls
 b - a scroll of fog {unknown}
 c - a scroll of brand weapon {unknown}
 g - a scroll of identify {unknown}
 h - a scroll of vulnerability {unknown}
 k - a scroll of teleportation {unknown}
 o - a scroll of enchant weapon {unknown}
Potions
 a - a potion of magic
 j - a potion of haste {unknown}
 m - a potion of curing {unknown}


   Skills:
 + Level 0.1 Maces & Flails
 + Level 2.0 Dodging
 + Level 3.1 Stealth
 + Level 0.1 Shields
 + Level 2.1 Spellcasting
 + Level 4.9 Conjurations


You had 5 spell levels left.
You knew the following spells:

 Your Spells              Type           Power      Damage    Failure   Level
a - Magic Dart            Conj           96%        1d7       32%         1

Your spell library contained the following spells:

 Spells                   Type           Power      Damage    Failure   Level
 Searing Ray              Conj           48%        2d6       43%         2
 Sandblast                Erth           4%         2d4       94%         1
 Dazzling Flash           Conj/Hex       26%        N/A       95%         3
 Stone Arrow              Conj/Erth      26%        3d8       95%         3
 Passwall                 Tmut/Erth      1%         N/A       98%         2
 Fulminant Prism          Conj/Hex       6%         3d7       100%        4
 Iskenderun's Mystic Bla  Conj/Tloc      13%        2d5       100%        4


Dungeon Overview and Level Annotations

Branches:
Dungeon (2/15)

Altars:

Annotations:
D:2 Robin


Innate Abilities, Weirdness & Mutations

You cannot wear most types of armour.
You are amphibious.
You can wear up to eight rings at the same time.
Your skin changes colour to match your surroundings (Stealth+).
Your rubbery body absorbs attacks. (AC +1, EV +1)
((You are camouflaged when in or above water. (Stealth+)))
You have tentacles for arms and can constrict up to eight enemies at once.


Message History

You climb upwards.
There is a stone staircase leading down here.
Your magical contamination has completely faded away.
You start resting.
Magic restored.
You start resting.
HP restored.
There is a stone staircase leading down here.
You climb downwards.
Level annotation: Robin The ball python hisses angrily.
The jackal bites you.
A goblin comes into view. It is wielding a +0 dagger.
The goblin hits you with a +0 dagger. The goblin barely misses you.
The jackal bites you. x2
There is a stone staircase leading up, spattered with blood here.
The jackal bites you. The jackal barely misses you.
The goblin hits you with a +0 dagger. The goblin hits you with a +0 dagger.
The goblin barely misses you.
Robin roars a battlecry!
The goblins go into a battle-frenzy!
The jackal barely misses you. You block the jackal's attack.
The jackal bites you.
* * * LOW HITPOINT WARNING * * *
You hear a shout!
The goblin shouts!
You climb upwards.
There is a stone staircase leading down here.
The goblin attacks as you move away! You block the goblin's attack.
The goblin attacks as you move away! You block the goblin's attack.
The goblin attacks as you move away! The goblin barely misses you.
The goblin attacks as you move away! The goblin hits you but does no damage.
The goblin attacks as you move away! You block the goblin's attack.
The goblin attacks as you move away! The goblin barely misses you.
The goblin attacks as you move away! The goblin hits you with a +0 dagger.
* * * LOW HITPOINT WARNING * * *
The goblin attacks as you move away! You block the goblin's attack.
You block the jackal's attack. The jackal attacks as you move away!
The jackal bites you.
You die...

.# #)## ##................# .####
#..####..######.......... ....#
##......## #........##
....######....### ######.###.
...........##.#### #....#
.....########....######### #....#
...≈..## ##.....#.....###.....
...≈≈..# ##...................#
........## #....@hg........#....#
≈........# #...hgg.........#....#
§§.......# #...............#.....
#§.......# #...............#....#
#≈...§§§.###...............######
#§§§.§≈≈§............>..........#
#§.§..§§.####............>#####..
≈≈.†.....# ##.....#.....## #.#
≈........# ############# #.#


You could see 2 jackals and 3 goblins.

Vanquished Creatures
  An adder (D:2)
  An endoplasm (D:1)
  3 giant cockroaches (D:1)
  6 goblins (D:1)
  A hobgoblin (D:1)
  2 quokkas (D:1)
  5 ball pythons (D:1)
  4 bats (D:1)
  3 frilled lizards (D:1)
  3 kobolds
  3 rats
32 creatures vanquished.

Notes
Turn   | Place    | Note
-------+----------+-------------------------------------------
     0 | D:1      | dabmancer the Octopode Conjurer began the quest for the
                  | Orb.
     0 | D:1      | Reached XP level 1. HP: 11/11 MP: 3/3
   199 | D:1      | Reached XP level 2. HP: 15/17 MP: 0/5
   780 | D:1      | Reached XP level 3. HP: 11/21 MP: 3/6
  1185 | D:2      | Noticed Robin
  1370 | D:1      | Slain by a jackal

Illustrated notes

Levels and vault maps discovered:
D:1:      onia_arrival_pentagram, layout_rooms,
          nicolae_concentric_dashed_squares_wild, kennysheep_decorative_pillar,
          st_stairs_2, minmay_misc_feat_five
D:2:      layout_rooms, shapermc_ecumenical_altar_starsandcircs, uniq_robin

Skill      XL: |  1  2 |
---------------+-------+-----
Stealth        | 3 |  3.1
Maces & Flails | |  0.1
Dodging        | |  2.0
Shields        | |  0.1
Spellcasting   | |  2.1
Conjurations   | |  4.9

Action                   || total
-------------------------++-------
Melee: Mace              ||    19
       Constrict         ||     6
       Tentacles         ||     2
Throw: Boomerang         ||     2
 Cast: Magic Dart        ||    45
Armor: Skin              ||     7
Dodge: Dodged            ||    28
Block: Tower shield      ||    27

Table legend: (Time is in decaauts)
 A = Elapsed time spent in this place.
 B = Non-inter-level travel time spent in this place.
 C = Inter-level travel time spent in this place.
 D = Time resting spent in this place.
 E = Time spent auto-exploring this place.
 F = Levels seen in this place.
 G = Mean time per level.
                   A        B        C        D        E       F      G
               +--------+--------+--------+--------+--------+-----+--------+
         Total |   1388 |   1377 |     11 |    427 |      4 |   2 |  694.0 |
       Dungeon |   1388 |   1377 |     11 |    427 |      4 |   2 |  694.0 |
               +--------+--------+--------+--------+--------+-----+--------+

Top non-repeatable levels by time:
     D:1: 1346 daAuts
     D:2: 41 daAuts
